Map: Lightshade LE

Players

PiLiPiLi - Winner!

  • Race: Protoss Protoss
  • League: Grandmaster
  • Spawn Location: 5:00

JonSnow

  • Race: Zerg Zerg
  • League: Grandmaster
  • Spawn Location: 11:00

Event: DreamHack SC2 Masters 2020 Winter

VOD

Have the link to the VOD?

Description

Time

  • Played on: Oct. 28, 2020, 4 p.m.
  • Length: 14:24

All games in this series

Show
View Real Time Build Order
Export as new Build Order

PiLiPiLi Protoss - Winner!

Build Orders: 1 Gate Expand, Mass Adepts 

Get SALT Encoding   

  12  0:00  Probe  
  13  0:12  Probe  
  14  0:20  Pylon  
  14  0:24  Probe  
  15  0:38  Probe (Chrono Boost)  
  15  0:41  Gateway  
  16  0:47  Probe (Chrono Boost)  
  17  0:51  Assimilator  
  17  0:52  Probe (Chrono Boost)  
  18  1:04  Probe  
  19  1:16  Probe  
  20  1:26  Nexus  
  20  1:35  Cybernetics Core  
  20  1:38  Probe  
  21  1:44  Assimilator  
  21  1:51  Probe  
  21  1:54  Pylon  
  22  2:03  Probe  
  23  2:10  Stalker (Chrono Boost)  
  23  2:13  Warp Gate  
  23  2:15  Probe  
  26  2:25  Twilight Council  
  26  2:27  Probe  
  27  2:30  Adept (Chrono Boost)  
  29  2:39  Probe x2  
  31  2:51  Robotics Facility, Probe  
  31  2:53  Probe  
  33  3:07  Resonating Glaives (Chrono Boost)  
  33  3:10  Probe  
  33  3:11  Gateway  
  33  3:12  Probe  
  35  3:23  Adept  
  37  3:27  Gateway  
  37  3:30  Gateway  
  37  3:35  Warp Prism (Chrono Boost)  
  39  3:42  Probe x2  
  39  3:47  Pylon  
  41  3:54  Probe  
  42  3:56  Pylon  
  42  4:02  Adept  
  44  4:06  Shield Battery, Adept  
  44  4:07  Probe x2  
  44  4:09  Observer  
  49  4:23  Probe x2  
  51  4:27  Adept x4  
  51  4:31  Assimilator  
  59  4:50  Adept x2  
  61  4:53  Pylon  
  61  4:55  Pylon  
  55  5:04  Adept x2  
  53  5:07  Immortal (Chrono Boost)  
  53  5:12  Probe  
  53  5:13  Probe  
  57  5:17  Gateway  
  57  5:19  Gateway  
  57  5:20  Pylon  
  57  5:27  Adept x4  
  65  5:36  Immortal (Chrono Boost)  
  65  5:37  Probe  
  70  5:53  Gateway  
  70  5:57  Gateway  
  70  6:02  Adept x4  
  78  6:20  Pylon  
  78  6:22  Pylon  
  78  6:25  Adept x4  
  86  6:29  Pylon  
  86  6:39  Adept x2  
  90  6:44  Adept  
  90  6:45  Adept x3  
  98  7:00  Adept x5  
  108  7:07  Adept x2  
  102  7:14  Warp Prism (Chrono Boost)  
  94  7:21  Adept x2  
  74  7:37  Adept x2  
  74  7:38  Adept x3  
  66  7:52  Adept x3  
  72  8:07  Pylon  
  72  8:13  Sentry x2  
  72  8:14  Adept x6  
  74  8:37  Adept x7  
  80  8:50  Adept  
  62  9:06  Adept  
  62  9:07  Adept x5  
  62  9:08  Adept, Observer  
  62  9:26  Robotics Bay  
  62  9:27  Assimilator  
  62  9:42  Immortal (Chrono Boost)  
  66  10:01  Adept x7  
  72  10:10  Disruptor (Chrono Boost)  
  75  10:31  Gravitic Drive (Chrono Boost)  
  75  10:35  Pylon  
  75  10:39  Disruptor (Chrono Boost)  
  78  10:50  Adept x6  
  78  10:51  Observer, Adept  
  92  11:12  Nexus  
  92  11:17  Adept  
  94  11:23  Pylon  
  94  11:30  Adept x3  
  94  11:32  Sentry x2  
  104  11:41  Sentry  
  104  11:42  Sentry x2  
  110  11:52  Sentry  
  110  11:53  Sentry  
  114  12:02  Pylon  
  114  12:03  Shield Battery, Adept x2  
  116  12:29  Colossus (Chrono Boost)  
  120  12:37  Adept  
  120  12:38  Shield Battery  
  122  12:44  Stalker x3  
  122  12:50  Adept  
  130  12:52  Adept  
  130  12:56  Adept  
  130  12:57  Adept  
  136  13:11  Adept x3  
  140  13:37  Adept x4  
  146  13:56  Stalker  
  136  14:03  Stalker x6  
  136  14:06  Stalker  
Show
View Real Time Build Order
Export as new Build Order

JonSnow Zerg 

Build Orders: Hatch First 

Get SALT Encoding   

  12  0:01  Drone  
  13  0:12  Overlord  
  13  0:19  Drone  
  14  0:30  Drone x2  
  16  0:47  Drone  
  17  0:55  Hatchery  
  17  0:57  Drone  
  17  0:58  Drone  
  18  1:11  Extractor  
  17  1:17  Drone, Spawning Pool  
  17  1:20  Drone  
  18  1:28  Drone  
  19  1:39  Drone  
  20  1:49  Overlord  
  20  2:02  Drone  
  20  2:06  Queen  
  20  2:07  Queen, Zergling x2  
  26  2:10  Metabolic Boost  
  26  2:14  Zergling x2  
  27  2:20  Drone  
  28  2:23  Drone  
  28  2:28  Drone  
  30  2:40  Drone  
  30  2:43  Hatchery  
  30  2:44  Drone  
  30  2:45  Drone  
  30  2:51  Drone  
  33  2:54  Drone  
  33  2:57  Queen  
  36  3:08  Overlord  
  36  3:13  Overlord  
  36  3:20  Overlord  
  36  3:30  Drone, Roach Warren  
  36  3:32  Drone  
  36  3:33  Drone x3  
  41  3:34  Drone, Queen  
  43  3:41  Overlord  
  43  3:44  Drone  
  44  3:51  Drone  
  44  3:52  Drone x2, Extractor  
  44  3:54  Overlord  
  46  4:05  Drone  
  46  4:06  Drone x2  
  46  4:07  Drone x2  
  46  4:09  Roach x2  
  55  4:11  Roach  
  57  4:23  Roach  
  59  4:24  Zergling x10  
  64  4:31  Ravager  
  64  4:35  Ravager  
  64  4:36  Zergling x6  
  69  4:43  Zergling x6  
  69  4:46  Spine Crawler  
  69  4:49  Zergling x6  
  59  4:53  Zergling x2  
  59  4:54  Zergling x2  
  59  4:55  Ravager  
  56  5:00  Drone x2  
  56  5:03  Drone  
  56  5:05  Drone  
  58  5:09  Drone  
  58  5:10  Drone  
  58  5:13  Drone  
  56  5:22  Drone x3  
  57  5:29  Spore Crawler, Roach x3  
  62  5:36  Roach x2  
  62  5:40  Zergling x4  
  68  5:47  Overlord  
  68  5:49  Ravager  
  69  5:50  Zergling x6  
  72  5:59  Drone x2  
  73  6:09  Zergling x14  
  80  6:15  Ravager  
  81  6:22  Overlord x2  
  81  6:24  Overlord  
  81  6:26  Spine Crawler  
  81  6:27  Ravager  
  81  6:35  Overlord  
  81  6:41  Roach  
  81  6:42  Roach x3, Zergling x2  
  81  6:44  Drone  
  81  6:46  Drone  
  92  6:51  Roach x2  
  92  6:52  Zergling x2  
  94  7:04  Roach x3, Zergling x4  
  92  7:11  Zergling x2  
  92  7:12  Zergling x6  
  89  7:16  Zergling x6  
  89  7:18  Zergling x2  
  89  7:22  Zergling x4  
  76  7:27  Zergling x2  
  76  7:28  Zergling x6  
  72  7:32  Zergling x2  
  72  7:33  Zergling x2  
  65  7:37  Zergling x2  
  65  7:38  Zergling x2  
  65  7:42  Zergling x4  
  62  7:46  Drone  
  62  7:47  Drone  
  62  7:48  Extractor  
  63  7:53  Roach x2  
  63  7:55  Drone  
  63  7:56  Ravager  
  63  7:57  Ravager  
  70  8:01  Roach, Zergling x2  
  73  8:06  Roach x2  
  73  8:09  Roach  
  79  8:14  Roach x2  
  79  8:19  Roach  
  85  8:26  Roach x3, Zergling x2  
  91  8:30  Zergling x2  
  91  8:31  Zergling x2  
  87  8:35  Roach x2  
  87  8:40  Zergling x4  
  89  8:44  Zergling x4  
  80  8:50  Roach  
  80  8:51  Zergling x2  
  80  8:55  Zergling x2  
  72  9:01  Zergling x2  
  55  9:04  Drone  
  55  9:09  Zergling x2  
  47  9:16  Ravager  
  47  9:17  Drone  
  47  9:18  Drone  
  47  9:23  Drone  
  48  9:26  Ravager  
  48  9:29  Drone  
  50  9:33  Drone  
  50  9:42  Zergling x4  
  50  9:45  Zergling x2  
  53  9:51  Drone x2  
  53  9:57  Drone x2  
  55  10:01  Drone  
  55  10:05  Ravager  
  55  10:06  Ravager  
  54  10:13  Roach  
  56  10:20  Drone x3  
  58  10:28  Zergling x6  
  61  10:37  Roach  
  61  10:38  Roach x2  
  67  10:45  Zergling x2  
  67  10:46  Zergling x4  
  70  10:51  Ravager  
  70  10:53  Roach  
  70  10:54  Roach, Zergling x2  
  76  10:57  Zergling x2  
  76  10:59  Zergling x2  
  76  11:02  Drone  
  79  11:07  Queen  
  79  11:09  Drone  
  79  11:11  Drone  
  83  11:15  Drone  
  84  11:19  Drone x2  
  84  11:24  Drone  
  87  11:27  Lair  
  87  11:29  Drone  
  87  11:31  Extractor  
  87  11:36  Drone  
  87  11:37  Drone x3  
  91  11:40  Drone x2  
  93  11:50  Drone  
  93  11:51  Drone x3  
  93  11:58  Drone x2  
  95  12:02  Drone x3  
  95  12:06  Evolution Chamber  
  97  12:13  Drone  
  92  12:33  Drone x6  
  98  12:42  Baneling Nest  
  96  12:47  Drone x3, Extractor, Overlord  
  98  12:58  Overlord x2  
  98  13:00  Overlord  
  98  13:04  Queen x3  
  102  13:07  Ravager x4  
  102  13:08  Ravager  
  102  13:10  Zergling x2  
  104  13:21  Zergling x16  
  109  13:36  Zergling x2  
  109  13:37  Zergling x6  
  109  13:38  Baneling x3  
  109  13:40  Queen x3  
  109  13:41  Baneling x3  
  119  13:46  Zergling x6  
  119  14:02  Zergling x4  
  108  14:03  Zergling x2  
Tags
 
Add a new tag
Caveats
  • Supply blocks, unpowered buildings, or Contaminate may cause inaccurate times.
  • Supply counts are checked every 10 seconds.